 Dungeon Crawl Stone Soup version 0.17-a0-2217-ga280b8d (webtiles) character file.

47 Jergosh the Ruffian (level 3, 0/31 HPs)
             Began as a Ghoul Monk on Oct 28, 2015.
             Slain by Ijyb (1 damage)
             ... on level 2 of the Dungeon.
             The game lasted 00:03:53 (1128 turns).

Jergosh the Ruffian (Ghoul Monk)                    Turns: 1128, Time: 00:03:53

Health: 0/31       AC:  4    Str: 14    XL:     3   Next: 70%
Magic:  2/2        EV: 18    Int:  5    God:
Gold:   57         SH:  0    Dex: 17    Spells: 0 memorised, 2 levels left

rFire  . . .     SeeInvis .       - Unarmed
rCold  + . .     Clarity  .     p - +0 leather armour
rNeg   + + +     SustAt   .     (no shield)
rPois  ∞         Gourm    .     (no helmet)
rElec  .         Spirit   .     (no cloak)
rCorr  .         Warding  .     (no gloves)
rMut   .         Stasis   .     d - +0 pair of boots
MR     .....                    (no amulet)
Stlth  +++.......               (no ring)
                                (no ring)

@: agile, rotting, not resistant to hostile enchantments, fairly stealthy
A: rotting body, claws 1, carnivore 3, cold resistance 1, negative energy
resistance 3, slow regeneration 1, torment resistance, unbreathing
a: no special abilities


You were on level 2 of the Dungeon.
You were not hungry.

You visited 1 branch of the dungeon, and saw 2 of its levels.

You collected 57 gold pieces.

Inventory:

Armour
 a - a +0 robe
 d - a +0 pair of boots (worn)
 p - a +0 leather armour (worn)
Jewellery
 e - an uncursed ring of loudness
Scrolls
 f - 2 scrolls of teleportation
 h - a scroll of blinking {unknown}
 k - 2 scrolls of remove curse
 n - a scroll of enchant armour {unknown}
 o - a scroll of identify {unknown}
Potions
 l - a potion of cure mutation {unknown}
 q - a potion of resistance {unknown}
Comestibles
 b - 2 meat rations
 c - 4 chunks of flesh
 m - 2 beef jerkies


   Skills:
 + Level 3.5 Fighting
 + Level 1.1 Armour
 * Level 3.1 Dodging
 + Level 2.2 Stealth
 * Level 5.0 Unarmed Combat


You had 2 spell levels left.
You didn't know any spells.

Dungeon Overview and Level Annotations

Branches:
Dungeon (2/15)

Altars:

Annotations:
D:2 Ijyb


Innate Abilities, Weirdness & Mutations

Your body is rotting away.
You thrive on raw meat.
You are immune to poison.
You have sharp fingernails.
You are carnivorous and can eat meat at any time.
Your flesh is cold resistant.
You are immune to negative energy.
You regenerate slowly when monsters are visible.
You are immune to unholy pain and torment.
You can survive without breathing.


Message History

Ijyb is heavily wounded.
Ijyb zaps a wand.
The puff of flame hits you!
* * * LOW HITPOINT WARNING * * *
You scratch Ijyb but do no damage.
Ijyb is heavily wounded.
Ijyb completely misses you.
You scratch Ijyb but do no damage.
Ijyb is heavily wounded.
Ijyb zaps a wand.
The puff of flame misses you.
You closely miss Ijyb.
Ijyb is heavily wounded.
Ijyb zaps a wand.
The puff of flame hits you!
* * * LOW HITPOINT WARNING * * *
You scratch Ijyb.
Ijyb is severely wounded.
Ijyb misses you.
You scratch Ijyb but do no damage.
Ijyb is severely wounded.
Ijyb hits you.
You die...

###.......##########
#.................
#.......#########.
##.....## #) ##.....## #.
#....(..########## ###
#......>.........< ..>.
###g........######## #...
###.)@.....##%.# ####
#..#...###...####.####...
#...### ##### #......##
.....[†...# #.....##
########..!# #...##.##
#...$ #..####..## ..#.#
#. ##..# #.. .. . ##.#
#.. ♣ #.#


You could see Ijyb.

Vanquished Creatures
  An adder (D:2)
  A giant gecko (D:2)
  A ball python (D:2)
  7 bats
  3 giant cockroaches
  5 goblins
  6 hobgoblins
  A quokka (D:2)
  A giant newt (D:1)
  2 kobolds (D:1)
  3 rats (D:1)
31 creatures vanquished.

Notes
Turn   | Place    | Note
--------------------------------------------------------------
     0 | D:1      | Jergosh the Ghoul Monk began the quest for the Orb.
     0 | D:1      | Reached XP level 1. HP: 19/19 MP: 0/0
   129 | D:1      | Reached XP level 2. HP: 8/25 MP: 1/1
   818 | D:2      | Reached skill level 1 in Armour
   818 | D:2      | Reached XP level 3. HP: 15/31 MP: 2/2
  1019 | D:2      | Reached skill level 5 in Unarmed Combat
  1109 | D:2      | Noticed Ijyb
  1126 | D:2      | HP: 1/31 [Ijyb/wand of flame (3)]
  1128 | D:2      | Slain by Ijyb

Vault maps used:
D:1:      minmay_arrival_doors
D:2:      serial_bayou, serial_bayou_shore_b, serial_bayou_ford_a,
          serial_bayou_pond_e, serial_bayou_pond_b, first_bread, uniq_iyjb

Action                   || total
-------------------------++-------
Melee: Unarmed           ||   109
  Use: Scroll            ||     2
       Potion            ||     3
 Stab: Sleeping          ||     3
  Eat: Chunk             ||     3
